 Dungeon Crawl Stone Soup version 0.25-a0-942-g87a53962fc (webtiles) character file.

Game seed: 18010443522942035305, levelgen mode: classic

8855 Amnesiac the Nimble (level 11, -6/68 HPs)
             Began as a Deep Elf Wizard on May 7, 2020.
             Was an Elder of Vehumet.
             Mangled by an unseen horror (11 damage)
             ... on level 11 of the Dungeon.
             The game lasted 00:31:54 (12549 turns).

Amnesiac the Nimble (Deep Elf Wizard)              Turns: 12549, Time: 00:31:55

Health: -6/68      AC:  6    Str:  4    XL:     11   Next: 15%
Magic:  24/27      EV: 19    Int: 27    God:    Vehumet [****..]
Gold:   652        SH:  0    Dex: 13    Spells: 16/30 levels left

rFire    + . .     SeeInvis .   a - staff of conjuration {!a}
rCold    + . .     Gourm    .   (no shield)
rNeg     . . .     Faith    .   i - +0 robe {rC+}
rPois    .         Spirit   .   l - +0 helmet
rElec    .         Reflect  .   D - +0 cloak
rCorr    .         Harm     .   (no gloves)
MR       +....                  (no boots)
Stlth    ++........             v - amulet of magic regeneration
HPRegen  0.21/turn              n - +2 ring of protection
MPRegen  0.45/turn              x - ring of protection from fire

@: no status effects
A: no striking features
a: Renounce Religion


You were on level 11 of the Dungeon.
You worshipped Vehumet.
Vehumet was greatly pleased with you.
You were very hungry.

You visited 2 branches of the dungeon, and saw 12 of its levels.

You collected 652 gold pieces.

Inventory:

Hand Weapons
 b - a +3 dagger of venom
Armour
 i - a +0 robe of cold resistance (worn)
 l - a +0 helmet (worn)
 D - a +0 cloak (worn)
 F - a cursed +0 robe
Magical Staves
 a - an uncursed staff of conjuration (weapon) {!a}
 c - an uncursed staff of energy {!a}
Jewellery
 n - a +2 ring of protection (left hand)
 v - an amulet of magic regeneration (around neck)
 x - a ring of protection from fire (right hand)
Wands
 e - a wand of disintegration (1)
 f - a wand of polymorph (6)
 m - a wand of iceblast (7)
Scrolls
 g - 5 scrolls of remove curse {!r}
 h - 4 scrolls of enchant armour {!r, unknown}
 r - 2 scrolls of teleportation {!r}
 t - 2 scrolls of blinking {!r}
 u - 11 scrolls of identify {!r}
 w - 3 scrolls of enchant weapon {!r}
 y - a scroll of magic mapping {!r, unknown}
 B - a scroll of fog {!r}
 C - a scroll of noise {!r, unknown}
 G - a scroll of summoning {!r, unknown}
Potions
 j - 2 potions of cancellation {!q}
 k - 5 potions of curing {!q}
 o - 2 potions of heal wounds {!q, unknown}
 p - 3 potions of lignification {!q, unknown}
 q - a potion of degeneration {!q, unknown}
 s - 3 potions of resistance {!q, unknown}
 z - 2 potions of flight {!q, unknown}
 A - 2 potions of mutation {!q, unknown}
 E - a potion of might {!q, unknown}
Comestibles
 d - 21 rations


   Skills:
 + Level 7.8 Fighting
 + Level 11.2 Dodging
 - Level 3.0 Stealth
 - Level 10.0 Spellcasting
 - Level 10.0 Conjurations
 - Level 1.1 Summonings
 - Level 1.1 Translocations


You had 16 spell levels left.
You knew the following spells:

 Your Spells              Type           Power        Failure   Level  Hunger
a - Shock                 Conj/Air       ####         1%          1    None
b - Call Imp              Summ           ###.....     4%          2    None
c - Magic Dart            Conj           ####         1%          1    None
d - Searing Ray           Conj           ######       1%          2    None
e - Mephitic Cloud        Conj/Pois/Air  #####...     1%          3    None
s - Conjure Flame         Conj/Fire      ######..     1%          3    None
v - Blink                 Tloc           N/A          4%          2    None

Your spell library contained the following spells:

 Spells                   Type           Power        Failure   Level  Hunger
 Airstrike                Air            ##........   11%         4    None
 Static Discharge         Conj/Air       ######..     1%          3    None
 Sting                    Tmut/Pois      ##..         4%          1    None
 Lightning Bolt           Conj/Air       ######....   4%          5    ####...
 Slow                     Hex            ##......     6%          2    None
 Swiftness                Chrm/Air       ##......     6%          2    None
 Gell's Gravitas          Tloc           ###.......   9%          3    None
 Confusing Touch          Hex            ##......     13%         3    None
 Yara's Violent Unravell  Hex/Tmut       ##........   28%         5    ####...
 Petrify                  Tmut/Erth      ##......     38%         4    None
 Freezing Cloud           Conj/Ice/Air   #####.....   38%         6    #####..
 Metabolic Englaciation   Hex/Ice        ##........   75%         5    ####...


Dungeon Overview and Level Annotations

Branches:
Dungeon (11/15)            Temple (1/1) D:5            Lair (0/6) D:8
    Orc: D:9-12

Altars:
Ashenzari
Cheibriados
Elyvilon
Fedhas
Gozag
Hepliaklqana
Kikubaaqudgha
Okawaru
Qazlal
Ru
Vehumet
Wu Jian
Yredelemnul
Zin

Annotations:
D:7 1 runed translucent door, Yorgos's ghost, novice GnMo


Message History

Confirm with . or Enter, or press ? or * to list all spells.
Aiming: Shock (safe; 1% risk of failure)
Press: ? - help, Shift-Dir - straight line, f/p - purple ugly thing
Aim: a purple ugly thing (lightly wounded)
You feel a surge of power!
The zap hits the purple ugly thing.
The purple ugly thing is moderately wounded.
The zap misses the worker ant.
A wight comes into view. It is wielding a +3 falchion.
Casting: Shock (safe; 1% risk of failure)
Confirm with . or Enter, or press ? or * to list all spells.
Aiming: Shock (safe; 1% risk of failure)
Press: ? - help, Shift-Dir - straight line, f/p - purple ugly thing
Aim: a purple ugly thing (moderately wounded)
You feel a surge of power!
The zap misses the purple ugly thing.
The wight throws a stone.
The stone misses you.
A wight comes into view. It is wielding a +2 flail.
A wight comes into view. It is wielding a -1 spear.
The wight moves out of view.
The wight throws a stone.
The stone hits you but does no damage. Something hits you.
Deactivating autopickup; reactivate with Ctrl-A.
You see here a stone.
An iguana comes into view.
Something hits you. Something hits you but does no damage.
The iguana moves out of view. 2 yaks come into view.
The yak moves out of view.
Something barely misses you.
You are feeling very hungry.
The yak bellows!
You hear a bellow!
Something hits you.
A yak comes into view.
Something hits you.
A wight comes into view. It is wielding a +0 hand axe.
Something hits you! Something hits you.
An orc comes into view. It is wielding a +0 dagger.
Something hits you. Something closely misses you. Something closely misses you.
You barely miss something. Something hits you.
* * * LOW HITPOINT WARNING * * *
You hit something. Something hits you but does no damage.
Something barely misses you.
The purple ugly thing completely misses you.
Something hits you.
* * * LOW HITPOINT WARNING * * *
A green ugly thing comes into view.
The green ugly thing gurgles horribly!
You hear a bellow! x2
You hear a shout!
You hear a bellow!
Something hits you!
* * * LOW HITPOINT WARNING * * *
The purple ugly thing tail-slaps you!
* * * LOW HITPOINT WARNING * * *
The worker ant closely misses you.
Casting: Shock (safe; 1% risk of failure)
Confirm with . or Enter, or press ? or * to list all spells.
You blink.
Something barely misses you.
Casting: Blink (safe; 4% risk of failure)
Confirm with . or Enter, or press ? or * to list all spells.
You blink.
The yak misses you. The green ugly thing stings you.
* * * LOW HITPOINT WARNING * * *
Something hits you!
You die...

#..........<.............(....#
...............#...............#
..........#..###..............##
..........#.## ###......####.....
.........##..# ##.....#### ......
......##.....###...##..#.#..##...
....... ###.§.##...##.z...a# #..
....... #§au.z#..####.###...# .#
####...@......# # .....
##Y.####...#.#...... ##..u#
#(....... ?.. #....###........ ..
##............... .
#...............
...................
.#.................
#....#...........


You could see a purple ugly thing, a yak, a worker ant and a wight.

Vanquished Creatures
  2 two-headed ogres
  A wizard (D:11)
  An elephant (D:8)
  Psyche (D:8)
  A hornet (D:7)
  2 hippogriffs
  6 yaks (D:9)
  Sigmund (D:4)
  A wyvern (D:10)
  Menkaure (D:6)
  2 orc warriors
  A hornet zombie (D:8)
  4 sky beasts
  A phantom (D:7)
  2 ice beasts
  3 ogres
  2 centaurs
  2 crocodiles (D:8)
  4 bullfrogs
  3 scorpions
  4 killer bees (D:10)
  9 wights
  2 electric eels (D:10)
  2 crimson imps (D:11)
  A centaur zombie (D:7)
  6 jellies
  4 hounds
  11 orc priests
  2 centaur skeletons
  Natasha (twice) (D:2)
  3 bullfrog skeletons
  Jessica (D:2)
  An iguana (D:9)
  6 worker ants
  12 orc wizards
  A hound zombie (D:5)
  4 hound skeletons
  2 worker ant zombies
  Robin (D:4)
  12 adders
  10 gnolls
  3 shadow imps
  6 oozes
  2 adder zombies
  3 adder skeletons
  2 worms
  7 dart slugs
  6 leopard geckos
  29 orcs
  9 giant cockroaches
  11 goblins
  11 hobgoblins
  16 jackals
  8 kobolds
  5 quokkas
  5 bats
  3 frilled lizards
  2 jackal skeletons
  A quokka skeleton (D:7)
  A quokka zombie (D:5)
  9 rats
276 creatures vanquished.

Vanquished Creatures (collateral kills)
  A worker ant (D:4)
1 creature vanquished.

Vanquished Creatures (others)
  An orc wizard (D:6)
1 creature vanquished.

Grand Total: 278 creatures vanquished

Notes
Turn   | Place    | Note
-------+----------+-------------------------------------------
     0 | D:1      | Amnesiac the Deep Elf Wizard began the quest for the Orb.
     0 | D:1      | Reached XP level 1. HP: 10/10 MP: 7/7
   216 | D:2      | Noticed Jessica
   240 | D:1      | Reached XP level 2. HP: 12/15 MP: 1/9
   244 | D:1      | Learned a level 2 spell: Blink
   247 | D:1      | Learned a level 2 spell: Call Imp
   678 | D:2      | Noticed Natasha
   762 | D:4      | Identified a paperback manual
   783 | D:4      | Reached XP level 3. HP: 11/19 MP: 6/11
   788 | D:4      | Learned a level 3 spell: Conjure Flame
   792 | D:4      | Learned a level 3 spell: Mephitic Cloud
   930 | D:4      | Noticed Sigmund
  1111 | D:4      | Reached XP level 4. HP: 23/24 MP: 3/12
  1117 | D:4      | Killed Sigmund
  1117 | D:4      | Reached XP level 5. HP: 28/28 MP: 0/15
  1679 | D:4      | Reached skill level 5 in Conjurations
  1679 | D:4      | Reached XP level 6. HP: 13/32 MP: 14/17
  1961 | D:5      | Entered Level 5 of the Dungeon
  2787 | D:4      | Noticed Robin
  2799 | D:4      | Killed Robin
  2970 | D:4      | Found a white marble altar of Elyvilon.
  2993 | D:4      | Reached XP level 7. HP: 36/36 MP: 11/20
  3367 | D:5      | Found a staircase to the Ecumenical Temple.
  3383 | Temple   | Entered the Ecumenical Temple
  3407 | Temple   | Became a worshipper of Vehumet
  3588 | D:2      | Killed Natasha
  4005 | D:1      | Reached * piety under Vehumet
  4005 | D:1      | Offered knowledge of Shock by Vehumet.
  4008 | D:1      | Learned a level 1 spell: Shock
  4579 | D:2      | Killed Jessica
  4785 | D:2      | Reached skill level 1 in Fighting
  4785 | D:2      | Reached skill level 3 in Dodging
  5071 | D:2      | Noticed Natasha
  5077 | D:2      | Killed Natasha
  5517 | D:3      | Reached ** piety under Vehumet
  5517 | D:3      | Offered knowledge of Searing Ray by Vehumet.
  5524 | D:3      | Learned a level 2 spell: Searing Ray
  6058 | D:5      | Found an opulent altar of Gozag.
  6187 | D:5      | Reached XP level 8. HP: 43/43 MP: 20/23
  6728 | D:5      | Reached skill level 4 in Dodging
  6728 | D:5      | Reached skill level 10 in Spellcasting
  7431 | D:6      | Found an ornate altar of the Wu Jian Council.
  7460 | D:6      | Offered knowledge of Static Discharge by Vehumet.
  7468 | D:6      | Noticed Menkaure
  7473 | D:6      | Killed Menkaure
  7487 | D:6      | Reached skill level 5 in Dodging
  7877 | D:6      | Reached *** piety under Vehumet
  8157 | D:7      | Reached XP level 9. HP: 50/51 MP: 22/25
  8203 | D:7      | Found a shattered altar of Ashenzari.
  8324 | D:7      | Reached skill level 6 in Dodging
  8469 | D:7      | Offered knowledge of Inner Flame by Vehumet.
  8699 | D:7      | Found a runed translucent door.
  8706 | D:7      | Noticed Yorgos's ghost (novice GnMo)
  8743 | D:7      | Reached **** piety under Vehumet
  8792 | D:7      | Reached skill level 7 in Dodging
  8963 | D:8      | Identified the Reference Book on Flight and Transformation
  9153 | D:8      | Offered knowledge of Airstrike by Vehumet.
  9183 | D:8      | Noticed Psyche
  9188 | D:8      | Killed Psyche
  9188 | D:8      | Reached skill level 5 in Fighting
  9188 | D:8      | Reached skill level 10 in Conjurations
  9297 | D:8      | Reached XP level 10. HP: 20/59 MP: 19/26
  9540 | D:8      | Noticed a two-headed ogre
  9554 | D:8      | Killed a two-headed ogre
  9554 | D:8      | Reached skill level 8 in Dodging
  9648 | D:8      | Found a staircase to the Lair.
  9648 | D:8      | Noticed an elephant
  9672 | D:8      | Killed an elephant
  9685 | D:8      | Reached skill level 9 in Dodging
 10595 | D:9      | Noticed a two-headed ogre
 10612 | D:9      | Killed a two-headed ogre
 10612 | D:9      | Reached skill level 10 in Dodging
 11294 | D:10     | Entered Level 10 of the Dungeon
 11693 | D:10     | Reached XP level 11. HP: 46/67 MP: 21/27
 11915 | D:10     | Reached skill level 11 in Dodging
 12332 | D:11     | Noticed a wizard
 12332 | D:11     | Paralysed by a wizard for 5 turns
 12342 | D:11     | Killed a wizard
 12524 | D:11     | Noticed a purple ugly thing
 12546 | D:11     | Noticed a green ugly thing
 12549 | D:11     | Mangled by an unseen horror

Levels and vault maps discovered:
D:1:      dpeg_arrival_radiant, layout_basic, minmay_misc_feat_doors
D:2:      layout_loops_ring, uniq_natasha, uniq_jessica
D:3:      layout_basic, first_ration
D:4:      layout_basic, elyvilon_altar_3, uniq_robin, uniq_sigmund
D:5:      layout_loops_corners, minmay_temple_entry_ruins, basic_altar,
          hangedman_decor_slide_cut
D:6:      layout_loops_ring, kennysheep_mini, uniq_menkaure
D:7:      layout_basic, lemuel_doored_altar, ebering_ghost_inner_flame
D:8:      layout_cave_pools, david_lair_generic, hangedman_little_slice_of_home,
          uniq_psyche
D:9:      layout_loops_corners
D:10:     layout_irregular_city, hive_lemuel
D:11:     layout_cave_pools, lightli_wizard_tower, uniq_josephine
Temple:   regret_index_temple_chain_breaker

Skill      XL: |  1  2  3  4  5  6  7  8  9 10 11 |
---------------+----------------------------------+-----
Conjurations   | 2 3 4 5 6 7 10 | 10.0
Stealth        | 3 |  3.0
Spellcasting   | 6 8 9 10 | 10.0
Fighting       | 1 3 5 7 |  7.8
Dodging        | 3 5 7 10 11 | 11.2
Summonings     | |  1.1
Translocations | |  1.1

Action                   |  1- 3 |  4- 6 |  7- 9 | 10-12 || total
-------------------------+-------+-------+-------+-------++-------
Melee: Unarmed           |     9 |    16 |       |       ||    25
       Short sword       |       |    16 |     1 |       ||    17
       Club              |       |       |     3 |       ||     3
       Staff             |       |       |       |     2 ||     2
 Cast: Magic Dart        |    46 |    87 |    44 |       ||   177
       Call Imp          |     3 |       |       |       ||     3
       Mephitic Cloud    |     3 |     6 |     5 |     3 ||    17
       Blink             |       |     2 |       |     2 ||     4
       Shock             |       |       |   259 |   125 ||   384
       Searing Ray       |       |       |    47 |    23 ||    70
Evoke: Wand              |       |     2 |       |       ||     2
  Use: Scroll            |       |     4 |     6 |       ||    10
 Stab: Confused          |       |     1 |       |       ||     1
       Sleeping          |       |     1 |       |       ||     1
  Eat: Chunk             |       |     6 |    19 |     9 ||    34
Armor: Robe              |     2 |     3 |    12 |    14 ||    31
Dodge: Dodged            |    19 |    38 |    63 |    57 ||   177

Table legend:
 A = Non-vault XP
 B = Vault XP
 C = Vault XP percentage of total XP
 D = Non-vault monster count
 E = Vault monster count
 F = Vault count percentage of total count
                 A         B        C        D         E       F
            +---------+---------+-------+---------+---------+-------
      Total |    9930 |    2721 |  21.5 |     247 |      31 |  11.2
            +---------+---------+-------+---------+---------+-------
        D:1 |      60 |       0 |   0.0 |      32 |       0 |   0.0
        D:2 |     246 |      76 |  23.6 |      22 |       2 |   8.3
        D:3 |      96 |       0 |   0.0 |      28 |       0 |   0.0
        D:4 |     530 |     246 |  31.7 |      28 |      13 |  31.7
        D:5 |     593 |       0 |   0.0 |      22 |       0 |   0.0
        D:6 |     732 |     172 |  19.0 |      19 |       1 |   5.0
        D:7 |    1968 |       0 |   0.0 |      43 |       0 |   0.0
        D:8 |    1251 |    1470 |  54.0 |       7 |      13 |  65.0
        D:9 |    2654 |       0 |   0.0 |      19 |       0 |   0.0
       D:10 |    1678 |       0 |   0.0 |      23 |       0 |   0.0
       D:11 |     109 |     757 |  87.4 |       3 |       2 |  40.0
     Temple |      13 |       0 |   0.0 |       1 |       0 |   0.0
            +---------+---------+-------+---------+---------+-------
